 Dungeon Crawl Stone Soup version 0.20.0-15-g7f486f2 (webtiles) character file.

1064 McKennaii the Cudgeler (level 8, -12/61 HPs)
             Began as a Demonspawn Fighter on June 29, 2017.
             Mangled by Menkaure (14 damage)
             ... on level 6 of the Dungeon.
             The game lasted 00:05:21 (4540 turns).

McKennaii the Cudgeler (Demonspawn Fighter)         Turns: 4540, Time: 00:05:22

Health: -12/61     AC: 12    Str: 19    XL:     8   Next: 6%
Magic:  8/8        EV:  9    Int: 10    God:
Gold:   275        SH: 10    Dex: 12    Spells: 7/7 levels left

rFire    + + .     SeeInvis .   q - +4 mace (drain)
rCold    . . .     Gourm    .   c - +0 shield
rNeg     . . .     Faith    .   b - +0 scale mail
rPois    .         Spirit   .   (no helmet)
rElec    .         Reflect  .   (no cloak)
rCorr    .         Harm     .   u - +0 pair of gloves
MR       +....                  (no boots)
Stlth    ..........             y - amulet of rage
Regen    0.2/turn               v - ring of protection from magic
MPRegen  0.2/turn               o - ring of protection from fire

@: drained
A: iridescent scales 2, fire resistance 1, powered by death 1, flame cloud
immunity
a: Evoke Berserk Rage


You were on level 6 of the Dungeon.
You were not hungry.

You visited 1 branch of the dungeon, and saw 6 of its levels.

You collected 275 gold pieces.

Inventory:

Hand Weapons
 q - a +4 mace of draining (weapon)
Armour
 b - a +0 scale mail (worn)
 c - a +0 shield (worn)
 u - a +0 pair of gloves (worn)
Jewellery
 o - a ring of protection from fire (right hand)
 v - a ring of protection from magic (left hand)
 y - an amulet of rage (around neck)
Scrolls
 a - 2 scrolls of teleportation {unknown}
 h - 2 scrolls of immolation {unknown}
 i - a scroll of enchant weapon {unknown}
 l - a scroll of random uselessness {unknown}
 n - 3 scrolls of identify
 r - a scroll of remove curse {unknown}
 t - a scroll of noise {unknown}
 w - 2 scrolls of enchant armour {unknown}
 x - a scroll of fog {unknown}
 z - a scroll of vulnerability {unknown}
Potions
 d - 2 potions of might
 e - a potion of lignification {unknown}
 j - a potion of agility {unknown}
 k - a potion of heal wounds {unknown}
 m - a potion of curing {unknown}
 s - a potion of invisibility {unknown}
Comestibles
 f - 4 bread rations
 g - a royal jelly
 p - a meat ration


   Skills:
 + Level 4.4(4.3) Fighting
 + Level 5.2 Maces & Flails
 + Level 4.2 Armour
 + Level 2.6 Dodging
 + Level 1.2(1.1) Stealth
 + Level 5.0 Shields


You had 7 spell levels left.
You didn't know any spells.

Dungeon Overview and Level Annotations

Branches:
Dungeon (6/15)             Temple (0/1) D:6

Altars:

Annotations:
D:6 Menkaure


Innate Abilities, Weirdness & Mutations

You are mostly covered in iridescent scales. (AC +4)
Your flesh is heat resistant. (rF+)
You regenerate a little health from kills.
You are immune to clouds of flame.


Message History

Your body is wracked with pain!
You barely miss Menkaure.
Menkaure is lightly damaged.
You block Menkaure's attack.
You hit Menkaure.
Menkaure is moderately damaged.
Menkaure hits you!
* * * LOW HITPOINT WARNING * * *
You hit Menkaure.
Menkaure is heavily damaged.
You block Menkaure's attack. Menkaure hits you!
* * * LOW HITPOINT WARNING * * *
You hit Menkaure.
Menkaure is heavily damaged.
Menkaure calls on the powers of darkness!
You feel a surge of unholy energy.
You hit Menkaure but do no damage.
Menkaure is heavily damaged.
You block Menkaure's attack. Menkaure hits you!
You die...

.....# .....# ....
.....# ........ .#####
....... ## . .######+##
#...# .##.. .........#
#.⌠.# ......
.........###...###....
..###.##.........M.#
..###.###.⌠..>..@..####
..#.....................
..#......###...###......
..#...... #.⌠.# [.....
..#......# #...# $....
###.#.. #....# ##..#
##### ####... ..# ....
.# ....#


You could see Menkaure.

Vanquished Creatures
  Eustachio (D:4)
  A sky beast (D:5)
  A phantom (D:4)
  A necrophage (D:3)
  A bullfrog (D:3)
  A scorpion (D:4)
  2 crimson imps (D:5)
  2 bullfrog zombies (D:5)
  A bullfrog skeleton (D:4)
  Terence (D:2)
  A jelly (D:5)
  4 worker ants
  3 gnolls (D:4)
  5 adders
  A shadow imp (D:5)
  An ooze (D:3)
  An adder skeleton (D:4)
  2 worms (D:2)
  2 dart slugs (D:1)
  5 leopard geckos
  19 orcs
  7 bats
  A giant cockroach (D:2)
  10 goblins
  5 hobgoblins
  2 jackals (D:6)
  4 quokkas
  4 frilled lizards
  7 kobolds
  A leopard gecko skeleton (D:4)
  A quokka zombie (D:5)
  28 rats
126 creatures vanquished.

Notes
Turn   | Place    | Note
-------+----------+-------------------------------------------
     0 | D:1      | McKennaii the Demonspawn Fighter began the quest for the Orb.
     0 | D:1      | Reached XP level 1. HP: 18/18 MP: 1/1
   239 | D:1      | Gained mutation: You are partially covered in iridescent scales. (AC +2) [demonic ancestry]
   239 | D:1      | Reached XP level 2. HP: 24/24 MP: 2/2
   737 | D:2      | Gained mutation: Your flesh is heat resistant. (rF+) [demonic ancestry]
   737 | D:2      | Reached XP level 3. HP: 18/29 MP: 3/3
   991 | D:2      | Noticed Terence
  1007 | D:2      | Killed Terence
  1007 | D:2      | Reached XP level 4. HP: 30/35 MP: 4/4
  1730 | D:3      | Noticed a bullfrog
  1737 | D:3      | Killed a bullfrog
  1737 | D:3      | Gained mutation: You are mostly covered in iridescent scales. (AC +4) [demonic ancestry]
  1737 | D:3      | Reached XP level 5. HP: 31/41 MP: 5/5
  1870 | D:3      | Noticed a necrophage
  1880 | D:3      | Killed a necrophage
  1880 | D:3      | Reached skill level 1 in Dodging
  2028 | D:3      | Reached XP level 6. HP: 48/48 MP: 6/6
  2336 | D:4      | Noticed Eustachio
  2565 | D:4      | Killed Eustachio
  2948 | D:4      | Reached skill level 1 in Stealth
  3191 | D:4      | Gained mutation: You regenerate a little health from kills. [demonic ancestry]
  3191 | D:4      | Reached XP level 7. HP: 49/54 MP: 7/7
  3844 | D:5      | Entered Level 5 of the Dungeon
  4032 | D:5      | Reached skill level 5 in Shields
  4127 | D:5      | Reached skill level 5 in Maces & Flails
  4208 | D:5      | Gained mutation: You are immune to clouds of flame. [demonic ancestry]
  4208 | D:5      | Reached XP level 8. HP: 58/61 MP: 8/8
  4521 | D:6      | Found a staircase to the Ecumenical Temple.
  4530 | D:6      | Noticed Menkaure
  4538 | D:6      | HP: 2/61 [Menkaure (10)]
  4540 | D:6      | Mangled by Menkaure

Skill      XL: |  1  2  3  4  5  6  7 |
---------------+----------------------+-----
Maces & Flails | 2 3 4 5 |  5.2
Shields        | 3 4 5 |  5.0
Armour         | 3 4 |  4.2
Dodging        | 1 2 |  2.6
Stealth        | 1 |  1.2
Fighting       | 4 |  4.4

Action                   |  1- 3 |  4- 6 |  7- 9 || total
-------------------------+-------+-------+-------++-------
Melee: Flail             |   107 |       |       ||   107
       Mace              |       |   179 |   136 ||   315
  Use: Scroll            |       |       |     1 ||     1
  Eat: Chunk             |       |     8 |     4 ||    12
Armor: Scale mail        |    36 |   248 |    85 ||   369
Dodge: Dodged            |    25 |   149 |    45 ||   219
Block: Shield            |    49 |   166 |    80 ||   295
